AoeStats
← dohteM

Arabia

508374235Analyzed
1v1 RM · 11d ago on Sep 22, 2026· 44m 9s· 2 players
Game mode
Random Map
Map size
Tiny (2 player)
Population
200
Speed
Normal
Resources
Standard
Victory
Conquest
Starting age
Dark Age
Ending age
Imperial Age
RankedLock teamsTeams togetherTeam positionsShared explorationLock speedFull tech treeHidden civsTurbo modeCheats
Victory
Defeat
🇹🇷 Saracens · Türkiye
980
+17
🇺🇸 Franks · United States
1000
-51
hakanst12
9:44 Loom
11:33 Feudal Age
12:25 Double-Bit Axe
13:00 Horse Collar
17:44 Castle Age
16:32 Gold Mining
17:41 Scale Barding Armor
18:19 Bloodlines
18:46 Forging
19:04 Heavy Plow
20:31 Gold Shaft Mining
20:45 Bow Saw
23:26 Husbandry
29:59 Imperial Age
28:36 Town Watch
29:26 Wheelbarrow
29:33 Chain Barding Armor
32:26 Chemistry
31:46 Ballistics
32:20 Fletching
32:30 Padded Archer Armor
33:16 Murder Holes
33:13 Stone Mining
33:28 Town Patrol
37:00 Bodkin Arrow
37:21 Leather Archer Armor
37:41 Plate Barding Armor
37:43 Iron Casting
38:35 Two-Man Saw
38:05 Bracer
38:28 Conscription
37:39 Elite Mameluke
dohteM
7:52 Loom
13:55 Feudal Age
15:57 Double-Bit Axe
23:01 Castle Age
20:58 Town Watch
23:54 Bow Saw
23:48 Stone Mining
29:34 Wheelbarrow
29:38 Gold Mining
31:20 Hand Cart
31:20 Pikeman
33:15 Light Cavalry
34:54 Scale Barding Armor
35:27 Forging
35:08 Fletching
35:49 Husbandry
37:50 Chain Barding Armor
38:06 Iron Casting
Connection lost

Rejoining the realm…

Still unreachable

The connection could not be restored.

Session expired

The server has moved on; the page needs a fresh start.